[Event "Late-Titled-Tuesday-Blitz-March-12-2024"]
[Site "Chess.com"]
[Date "2024.03.12"]
[Round "3"]
[White "tandaleo"]
[Black "arenal72"]
[Result "1-0"]
[WhiteElo "2480"]
[BlackElo "2644"]
[TimeControl "180+1"]
[EndTime "14:25:53 PDT"]
[Termination "tandaleo won by resignation"]

1. e4 Nc6 2. Nf3 d6 3. h3 g6 4. d4 Nf6 5. Bd3 Bg7 6. c3 O-O 7. O-O e5 8. Na3 Re8 9. Re1 a6 10. Nc2 b5 11. a4 bxa4 12. Rxa4 Bb7 13. b4 h6 14. d5 Ne7 15. Qe2 c6 16. c4 a5 17. dxc6 Nxc6 18. b5 Nb8 19. Bd2 Nbd7 20. Rea1 Nc5 21. Rxa5 Nxd3 22. Qxd3 Bxe4 23. Qb3 Rxa5 24.
Bxa5 Qa8 25. Bb4 Bxc2 26. Rxa8 Bxb3 27. Rxe8+ Nxe8 28. b6 e4 29. b7 exf3 30. b8=Q Ba4 31. Bxd6 Kh7 32. gxf3 Bd4 33. Be5 Bc5 34. Qc8 Bf8 35.
c5 f6 36. c6 fxe5 37. Qxe8 Bg7 38. Qa8 Bd1 39. c7 1-0

[Event "Late-Titled-Tuesday-Blitz-March-12-2024"]
[Site "Chess.com"]
[Date "2024.03.12"]
[Round "3"]
[White "Mikhail_Golubev"]
[Black "rasmussvane"]
[Result "0-1"]
[WhiteElo "2674"]
[BlackElo "2953"]
[TimeControl "180+1"]
[EndTime "14:25:55 PDT"]
[Termination "rasmussvane won by resignation"]

1. e4 c6 2. Nf3 d5 3. Nc3 a6 4. d4 Bg4 5. h3 Bh5 6. Be2 e6 7. O-O Nd7 8. Re1 Bb4 9. exd5 cxd5 10. Bg5 Ngf6 11. a3 Bxc3 12. bxc3 Qc7 13. g4 Bg6 14. c4 dxc4 15. Nh4 O-O 16. Nxg6 hxg6 17. Bf3 Rfe8 18. Qd2 Rad8 19. h4 e5 20. Rad1 b5 21. h5 e4 22. Bf4 Qb6 23. Be2 Nd5 24. hxg6 Qxg6 25. g5 Nf8 26. Bg4 Ne6 27. Bxe6 Rxe6 28. c3 Qf5 29. Bg3 Rg6 30. Kg2 Rxg5 31. Rh1 Qf3+ 32. Kg1 e3 0-1

[Event "Late-Titled-Tuesday-Blitz-March-12-2024"]
[Site "Chess.com"]
[Date "2024.03.12"]
[Round "3"]
[White "Heydarli77"]
[Black "shirovin"]
[Result "1-0"]
[WhiteElo "2389"]
[BlackElo "2053"]
[TimeControl "180+1"]
[EndTime "14:25:55 PDT"]
[Termination "Heydarli77 won on time"]

1. d4 Nf6 2. Nf3 g6 3. b3 Bg7 4. Bb2 c5 5. dxc5 Na6 6. Nbd2 Nxc5 7. e3 O-O 8. Be2 d6 9. O-O Bf5 10. Nd4 Bd7 11. Bf3 Qc7 12. c4 a6 13. Qe2 Ne6 14.
Rac1 Nxd4 15. exd4 Bf5 16. Rfe1 Rfe8 17. h3 h5 18. Ne4 Nxe4 19. Bxe4 Bxe4 20. Qxe4 e5 21. dxe5 dxe5 22. Rcd1 f5 23. Qd5+ Qf7 24. Qc5 e4 25. Bxg7 Qxg7 26. Rd6 Rad8 27. Qd5+ Kh7 28. Rxd8 1-0

[Event "Late-Titled-Tuesday-Blitz-March-12-2024"]
[Site "Chess.com"]
[Date "2024.03.12"]
[Round "3"]
[White "GrotBchess"]
[Black "marcodobrikov"]
[Result "1/2-1/2"]
[WhiteElo "2411"]
[BlackElo "2603"]
[TimeControl "180+1"]
[EndTime "14:26:03 PDT"]
[Termination "Game drawn by repetition"]

1. e4 g6 2. d4 Bg7 3. Be3 c6 4. c4 d5 5. cxd5 cxd5 6. e5 Nc6 7. Nc3 h5 8. Nf3 Bg4 9. Be2 e6 10. Nd2 Bxe2 11. Qxe2 Qb6 12. Qd3 Nge7 13. O-O O-O 14. Na4 Qa5 15. Nc5 Rfc8 16. Nxb7 Qb6 17. Nc5 Nf5 18. Nf3 Bf8 19. Nd7 Qb7 20. Nf6+ Kh8 21. Bg5 Qxb2 22. Rab1 Qxa2 23. Rb7 Nce7 24. Nd7 Bg7 25.
Bf6 Qc2 26. Qxc2 Rxc2 27. Ng5 Kg8 28. Bxe7 Nxe7 29. Nf6+ Bxf6 30. exf6 Nf5 31. Rxf7 a5 32. h3 h4 33. g4 hxg3 34. fxg3 Rf8 35. Rxf8+ Kxf8 36.
g4 Nxd4 37. Nh7+ Kf7 38. Ng5+ Kf8 39. Nh7+ Kf7 40. Ng5+ Kf8 1/2-1/2

[Event "Late-Titled-Tuesday-Blitz-March-12-2024"]
[Site "Chess.com"]
[Date "2024.03.12"]
[Round "3"]
[White "chessamical"]
[Black "thesupera12"]
[Result "0-1"]
[WhiteElo "2209"]
[BlackElo "2445"]
[TimeControl "180+1"]
[EndTime "14:26:05 PDT"]
[Termination "thesupera12 won on time"]

1. d4 c5 2. d5 d6 3. e4 a6 4. a4 g6 5. Nc3 Bg7 6. Be2 Nf6 7. Nf3 O-O 8. O-O Bg4 9. Nd2 Bxe2 10. Qxe2 Nbd7 11. h3 Rb8 12. a5 e6 13. dxe6 fxe6 14. Nf3 d5 15. Ng5 Qe8 16. Bf4 e5 17. Bh2 d4 18. Nd5 h6 19. Qc4 Nxd5 20. Qxd5+ Kh8 21. Ne6 Nf6 22. Nxg7 Kxg7 23. Qxe5 Qxe5 24. Bxe5 Rbe8 25.
f4 Kh7 26. Bxf6 Rxf6 27. e5 Rf7 28. h4 Kg7 29. g3 g5 30. hxg5 hxg5 31. Rae1 gxf4 32.
gxf4 Kg6 33. Kg2 Kf5 34. Kf3 Rh8 35. Rh1 Rfh7 36. Rxh7 Rxh7 37. Rg1 Rh2 38. Rg5+ Ke6 39. Rg6+ Kf7 40. Rf6+ Ke7 41. Rb6 Rxc2 42. f5 d3 43.
Rxb7+ Kf8 44. Ke3 c4 45. e6 Re2+ 0-1

[Event "Late-Titled-Tuesday-Blitz-March-12-2024"]
[Site "Chess.com"]
[Date "2024.03.12"]
[Round "3"]
[White "Korchmar_Vasiliy"]
[Black "ExchangeAB"]
[Result "1-0"]
[WhiteElo "2694"]
[BlackElo "2495"]
[TimeControl "180+1"]
[EndTime "14:26:06 PDT"]
[Termination "Korchmar_Vasiliy won by resignation"]

1. e4 c6 2. d4 d5 3. exd5 cxd5 4. Bd3 Nf6 5. h3 Nc6 6. Nf3 g6 7. c3 Bf5 8. O-O Bxd3 9. Qxd3 Bg7 10. Bf4 O-O 11.
Nbd2 e6 12. Rfe1 a6 13. a4 Rc8 14. Nb3 Ne4 15. a5 Re8 16. Nfd2 Nxd2 17. Qxd2 Nb8 18.
Nc5 b6 19. Nb7 Qd7 20. Nd6 Rc6 21. Nxe8 Qxe8 22. axb6 Rxb6 23. Bxb8 Qxb8 24. b4 Rc6 25. Qd3 Qc8 26. Ra3 Bf6 27. Rea1 Kg7 28. Rb3 Bd8 29. Qf3 Bf6 30. Ra5 Bd8 31. Rc5 Bb6 32. Rxc6 Qxc6 33. Ra3 Bc7 34. Qd3 Qd6 35. g3 a5 36. Rb3 axb4 37.
cxb4 e5 38. dxe5 Qxe5 39. Rb1 Bb6 40. Qf3 d4 41. b5 h5 42. h4 Qd6 43. Rb3 Qc5 44. Kg2 Qd6 45. Qc6 Qd8 46. Rf3 d3 47. Qc3+ Kg8 48. Qxd3 Qa8 49. Qc4 Qb7 50. Qc6 1-0

[Event "Late-Titled-Tuesday-Blitz-March-12-2024"]
[Site "Chess.com"]
[Date "2024.03.12"]
[Round "3"]
[White "alexrustemov"]
[Black "Jospem"]
[Result "0-1"]
[WhiteElo "2855"]
[BlackElo "3121"]
[TimeControl "180+1"]
[EndTime "14:26:08 PDT"]
[Termination "Jospem won on time"]

1. d4 Nf6 2. c4 e6 3. Nf3 Bb4+ 4.
Bd2 c5 5. Bxb4 cxb4 6. g3 b6 7. Bg2 Bb7 8. O-O a5 9. Qd3 O-O 10. Nbd2 d6 11. e4 h6 12. a3 bxa3 13. bxa3 Qc7 14.
Rab1 Nbd7 15. Rfc1 e5 16. Ne1 Rfe8 17. Nc2 Rac8 18.
f3 Nf8 19. Bh3 Rcd8 20. Qb3 N6d7 21. Bxd7 Nxd7 22. Qe3 Rf8 23. Kg2 f5 24. d5 f4 25.
Qb3 fxg3 26. hxg3 Rf7 27. Ne1 Bc8 28. Qe3 Rdf8 29. Nd3 Nc5 30. Nxc5 bxc5 31. Rh1 Bd7 32. Rb2 Rf6 33. Rhb1 Bc8 34. Rb6 Rg6 35. Rc6 Qd7 36.
Rh1 Qd8 37. Rb1 Qh4 38. Nf1 Qh3+ 39. Kf2 Bg4 40. f4 Rgf6 41. f5 Bxf5 42. exf5 Qxf5+ 0-1

[Event "Late-Titled-Tuesday-Blitz-March-12-2024"]
[Site "Chess.com"]
[Date "2024.03.12"]
[Round "3"]
[White "Fore_Man"]
[Black "rynos0411"]
[Result "0-1"]
[WhiteElo "2317"]
[BlackElo "2612"]
[TimeControl "180+1"]
[EndTime "14:26:08 PDT"]
[Termination "rynos0411 won on time"]

1. Nf3 g6 2. b3 Bg7 3. d4 c5 4.
e3 Nc6 5. Bb2 d5 6. Be2 Bg4 7.
Nbd2 e6 8. O-O Nge7 9. h3 Bxf3 10. Nxf3 Nf5 11. c4 dxc4 12. Bxc4 cxd4 13. exd4 Nfxd4 14.
Nxd4 Bxd4 15. Bxd4 Qxd4 16. Qxd4 Nxd4 17. Rad1 O-O-O 18.
Rd3 Ne2+ 19. Kh2 Rxd3 20. Bxd3 Nf4 21. Bc4 Rd8 22. g3 Nh5 23. Kg2 Nf6 24. a4 Rd2 25.
Kf3 Kc7 26. Ke3 Rd6 27. Rc1 Kd8 28. g4 Nd7 29. f4 Nb6 30. Bb5 a6 31. Be2 Nd5+ 32.
Ke4 Rb6 33. Bc4 Ne7 34. Ke5 Ke8 35. Kf6 Kf8 36. Rd1 Ng8+ 37. Ke5 Ke7 38. g5 f6+ 39. gxf6+ Nxf6 40. a5 Rc6 41. Re1 Nd7+ 42. Kd4 Nf8 43. Re5 Rd6+ 44. Kc5 Nd7+ 45. Kb4 Nxe5 46. fxe5 Rd2 47.
Kc5 g5 48. Kb6 h5 49. Kxb7 g4 50. hxg4 h4 0-1

[Event "Late-Titled-Tuesday-Blitz-March-12-2024"]
[Site "Chess.com"]
[Date "2024.03.12"]
[Round "3"]
[White "AryanTari"]
[Black "Blitzstream"]
[Result "1/2-1/2"]
[WhiteElo "2934"]
[BlackElo "2734"]
[TimeControl "180+1"]
[EndTime "14:26:11 PDT"]
[Termination "Game drawn by repetition"]

1. e4 d5 2. d3 dxe4 3. dxe4 Qxd1+ 4. Kxd1 Nc6 5. c3 f5 6. Bd3 g6 7. Nf3 Nf6 8. exf5 Bxf5 9. Bb5 O-O-O+ 10. Ke2 e5 11.
Bg5 Bg7 12. Na3 a6 13. Bxc6 Bd3+ 14. Ke1 bxc6 15. Rd1 Rhe8 16. Nd2 e4 17. Ndc4 Rd5 18. Bf4 g5 19. Be3 Ng4 20. h3 Nxe3 21. Nxe3 Ra5 22. Kd2 Rd8 23. Rhe1 Bf8 24. Kc1 Rxa3 25. bxa3 Bxa3+ 26. Kd2 Bb1+ 27. Ke2 Bd3+ 28. Kd2 Bb1+ 29. Ke2 Bd3+ 30.
Kd2 1/2-1/2

[Event "Late-Titled-Tuesday-Blitz-March-12-2024"]
[Site "Chess.com"]
[Date "2024.03.12"]
[Round "3"]
[White "Kopytkin"]
[Black "wannabe2700"]
[Result "0-1"]
[WhiteElo "2433"]
[BlackElo "2615"]
[TimeControl "180+1"]
[EndTime "14:26:11 PDT"]
[Termination "wannabe2700 won on time"]

1. e4 d5 2. d3 e5 3. Nd2 Nf6 4. Ngf3 Nc6 5. g3 Bc5 6. Bg2 O-O 7. O-O Re8 8. c3 a5 9. a4 h6 10. Qe2 Be6 11. Re1 Qd7 12. Nh4 Rad8 13. Bf1 Ng4 14. Nhf3 Bxf2+ 15. Qxf2 Nxf2 16. Kxf2 f5 17. Kg1 g5 18.
Bg2 dxe4 19. dxe4 f4 20. gxf4 exf4 21. e5 Bf5 22. Nc4 Qd5 23. Nd4 Qxc4 24. Nxf5 Rxe5 25. Rxe5 Rd1+ 26. Kf2 Nxe5 0-1

[Event "Late-Titled-Tuesday-Blitz-March-12-2024"]
[Site "Chess.com"]
[Date "2024.03.12"]
[Round "3"]
[White "Rakitic2010"]
[Black "Caisachess"]
[Result "0-1"]
[WhiteElo "2586"]
[BlackElo "2375"]
[TimeControl "180+1"]
[EndTime "14:26:13 PDT"]
[Termination "Caisachess won on time"]

1. e4 e5 2. Nf3 Nc6 3. Bb5 f5 4.
d4 fxe4 5. Bxc6 dxc6 6. Nxe5 Nf6 7. O-O Bd6 8. Bf4 O-O 9. Nc3 Qe8 10. Re1 Nd5 11.
Bg3 Nxc3 12. bxc3 Bf5 13. c4 c5 14. dxc5 Bxe5 15. Qd5+ Be6 16. Qxe5 Bxc4 17. Qxc7 Bd5 18.
Rad1 Bc6 19. Be5 Rf7 20. Qd6 Rd7 21. Qxd7 Bxd7 22. Rxe4 Bc6 23. Re3 Rd8 24. Bd6 Qg6 25. Rg3 Qxc2 26. Re1 Re8 27. Rxe8+ Bxe8 28. h4 Qxa2 29. Be5 g6 30. h5 Qb1+ 31. Kh2 Qf5 32. f4 Qxh5+ 33. Rh3 Qf5 34. Re3 Bc6 35. Bd6 Qh5+ 36.
Rh3 Qe2 37. Rg3 a5 38. Rg5 a4 39. f5 Kf7 0-1

[Event "Late-Titled-Tuesday-Blitz-March-12-2024"]
[Site "Chess.com"]
[Date "2024.03.12"]
[Round "3"]
[White "Grindaveci"]
[Black "Rutricks"]
[Result "0-1"]
[WhiteElo "2527"]
[BlackElo "2720"]
[TimeControl "180+1"]
[EndTime "14:26:15 PDT"]
[Termination "Rutricks won by resignation"]

1. e4 g6 2. d4 Bg7 3. Nf3 c6 4. Be2 d5 5. e5 f6 6. O-O fxe5 7. Nxe5 Nd7 8. f4 Ngf6 9. f5 Nxe5 10. dxe5 Qb6+ 11.
Kh1 Ne4 12. f6 exf6 13. exf6 Bxf6 14. Qe1 O-O 15. Nd2 Bf5 16. Nf3 Rae8 17. c3 Bg7 18.
Nd2 Bg4 19. Rxf8+ Bxf8 20. Nf3 Nf2+ 21. Kg1 Nd3+ 0-1

[Event "Late-Titled-Tuesday-Blitz-March-12-2024"]
[Site "Chess.com"]
[Date "2024.03.12"]
[Round "3"]
[White "finec2"]
[Black "Iljiushenok_Ilya"]
[Result "0-1"]
[WhiteElo "2208"]
[BlackElo "2783"]
[TimeControl "180+1"]
[EndTime "14:26:17 PDT"]
[Termination "Iljiushenok_Ilya won by resignation"]

1. e4 c6 2. d4 d5 3. e5 Bf5 4. h4 h6 5. Bd3 Bxd3 6. Qxd3 e6 7. Nf3 c5 8. c3 Nc6 9. O-O Rc8 10. a3 cxd4 11. cxd4 Nge7 12. g3 Nf5 13. Rd1 h5 14.
Nc3 Be7 15. Bg5 f6 16. exf6 gxf6 17. Bf4 Kf7 18. b4 Rg8 19. Kh2 Rg4 20. Rac1 Qd7 21. b5 Na5 22. Na4 Nc4 23. Nc5 Bxc5 24. dxc5 Qxb5 25.
Rb1 Qa6 26. Nd2 Nxd2 27. Qxd2 Rxc5 28. Rb4 Qc6 29. Rdb1 b6 30. R4b2 Rc4 0-1

[Event "Late-Titled-Tuesday-Blitz-March-12-2024"]
[Site "Chess.com"]
[Date "2024.03.12"]
[Round "3"]
[White "emeli_chess"]
[Black "Zq1"]
[Result "0-1"]
[WhiteElo "2386"]
[BlackElo "2610"]
[TimeControl "180+1"]
[EndTime "14:26:17 PDT"]
[Termination "Zq1 won by resignation"]

1. d4 Nf6 2. c4 a6 3. Nc3 c5 4. d5 b5 5. Nf3 b4 6. Na4 d6 7.
b3 g6 8. Bb2 Bg7 9. e3 O-O 10. Bd3 Bd7 11. a3 Bxa4 12. bxa4 a5 13. axb4 axb4 14. O-O Nbd7 15. Ra2 Ra5 16. Nd2 Qa8 17.
Qa1 Nb6 18. Bc2 Qa6 19. Bb3 Ra8 20. f3 Nxa4 21. Rxa4 Rxa4 22. Qxa4 Qxa4 23. Bxa4 Rxa4 24. Ra1 Rxa1+ 25. Bxa1 Nd7 26. Bxg7 Kxg7 27. Kf2 f5 28. Ke2 Kf6 29. f4 g5 30. g3 h6 31. Nf3 g4 32. Nd2 e6 33. e4 fxe4 34. Nxe4+ Ke7 35. dxe6 Kxe6 36. Kd3 d5 37. Nf2 Nf6 38. h3 h5 39.
hxg4 hxg4 40. Nd1 d4 41. Nf2 Kf5 42. Nd1 Ne4 43. Nb2 Nxg3 44. Na4 Ne4 45. Nb6 g3 0-1

[Event "Late-Titled-Tuesday-Blitz-March-12-2024"]
[Site "Chess.com"]
[Date "2024.03.12"]
[Round "3"]
[White "sergoy"]
[Black "jocmil"]
[Result "1-0"]
[WhiteElo "3030"]
[BlackElo "2787"]
[TimeControl "180+1"]
[EndTime "14:26:18 PDT"]
[Termination "sergoy won by resignation"]

1. d4 d5 2. c4 c6 3. Nf3 Nf6 4. Nc3 dxc4 5. a4 Bf5 6. Ne5 Nbd7 7.
Nxc4 e6 8. f3 h6 9. e4 Bh7 10.
Be3 Be7 11. a5 O-O 12. Qb3 b5 13. axb6 axb6 14. Rxa8 Qxa8 15. Be2 b5 16. Nd2 Qa7 17. Bf2 e5 18. dxe5 Bc5 19. Bxc5 Nxc5 20. Qa2 Qxa2 21.
Nxa2 Nfd7 22. Nb4 Nxe5 23. Kf2 Rd8 24. Ke3 f5 25. Rc1 f4+ 26. Kxf4 Rxd2 27. Rxc5 Rxe2 28. Kxe5 Rxb2 29. Nxc6 Rxg2 30. Ne7+ Kf7 31. Rc7 Rg5+ 32. Kd6 b4 33. e5 b3 34. Rb7 b2 35. Nd5+ Kg6 36.
Rxb2 Bg8 37. Ne7+ Kh7 38. Nxg8 Kxg8 39. e6 1-0

[Event "Late-Titled-Tuesday-Blitz-March-12-2024"]
[Site "Chess.com"]
[Date "2024.03.12"]
[Round "3"]
[White "HaryKane"]
[Black "egnfanclub"]
[Result "1-0"]
[WhiteElo "2606"]
[BlackElo "2379"]
[TimeControl "180+1"]
[EndTime "14:26:19 PDT"]
[Termination "HaryKane won by resignation"]

1. d4 d5 2. e3 Nf6 3. f4 c5 4. Nf3 Nc6 5. c3 e6 6. Bd3 Qc7 7. O-O b6 8. Ne5 Bb7 9. Nd2 Nxe5 10. fxe5 Ne4 11. Nxe4 dxe4 12. Bb5+ Bc6 13. Qa4 Bxb5 14. Qxb5+ Kd8 15. Bd2 a6 16. Qe2 Ra7 17. Qg4 Qc6 18. Rf4 h5 19. Qh4+ Be7 20. Qg3 g6 21. Rxf7 Rg8 22.
Raf1 Qd5 23. b3 a5 24. Qf4 c4 25. Qh6 cxb3 26. axb3 Qxb3 27. Qh7 Re8 28. Qxg6 Qc2 29. Be1 Qd3 30. Qxe6 Qxe3+ 31. Kh1 Qxc3 32. Bxc3 1-0

[Event "Late-Titled-Tuesday-Blitz-March-12-2024"]
[Site "Chess.com"]
[Date "2024.03.12"]
[Round "3"]
[White "epiclord678"]
[Black "expii"]
[Result "1-0"]
[WhiteElo "2415"]
[BlackElo "2189"]
[TimeControl "180+1"]
[EndTime "14:26:21 PDT"]
[Termination "epiclord678 won by resignation"]

1. e4 c5 2. Nf3 d6 3. d4 cxd4 4. Nxd4 Nf6 5. Nc3 g6 6. Be3 Bg7 7. f3 O-O 8. Qd2 Nc6 9. Bc4 Ne5 10. Bb3 Bd7 11. O-O-O Rc8 12. Kb1 a6 13. h4 h5 14. Bh6 Kh7 15. Bxg7 Kxg7 16. g4 hxg4 17. h5 Nxh5 18. fxg4 Bxg4 19. Rdg1 Qd7 20. Nf5+ gxf5 21. Rxh5 Rh8 22. Rxf5 Qe8 23. Qg5+ Kf8 24. Rxe5 dxe5 25.
Qxg4 Qc6 26. Qg7+ Ke8 27. Qxh8+ 1-0

[Event "Late-Titled-Tuesday-Blitz-March-12-2024"]
[Site "Chess.com"]
[Date "2024.03.12"]
[Round "3"]
[White "publicaccountcze"]
[Black "maurovargas01"]
[Result "0-1"]
[WhiteElo "2183"]
[BlackElo "1839"]
[TimeControl "180+1"]
[EndTime "14:26:22 PDT"]
[Termination "maurovargas01 won by resignation"]

1. e4 c6 2. d4 d5 3. e5 Bf5 4.
Nf3 e6 5. Be2 h6 6. O-O Nd7 7.
Nbd2 c5 8. dxc5 Bxc5 9. Nb3 Bb6 10. Nbd4 Bh7 11. Nb5 Bc5 12. Be3 Be7 13. c4 a6 14.
Nd6+ Bxd6 15. exd6 dxc4 16. Bxc4 b5 17. Bb3 Ngf6 18.
Nd4 O-O 19. Nc6 Qe8 20. Rc1 Nd5 21. Bxd5 exd5 22. Ne7+ Kh8 23. Qxd5 Nf6 24. Qd4 Rd8 25. Bxh6 Rd7 26. Rc8 Qxe7 27. dxe7 Rxc8 28. Qe5 Re8 29. Bg5 Ne4 30. Bh4 f6 31. Qe6 Rdxe7 32. f3 Rxe6 0-1

[Event "Late-Titled-Tuesday-Blitz-March-12-2024"]
[Site "Chess.com"]
[Date "2024.03.12"]
[Round "3"]
[White "Fjal"]
[Black "santosalberto1987"]
[Result "0-1"]
[WhiteElo "2310"]
[BlackElo "2558"]
[TimeControl "180+1"]
[EndTime "14:26:25 PDT"]
[Termination "santosalberto1987 won by resignation"]

1. Nf3 Nf6 2. g3 g6 3. Bg2 Bg7 4. O-O O-O 5. d3 c5 6. e4 Nc6 7. Qe2 d5 8. e5 Ne8 9. c3 Bg4 10. Bf4 Nc7 11. h3 Bxf3 12. Bxf3 Ne6 13. Nd2 Nxf4 14.
gxf4 e6 15. Bg2 Qh4 16. Qg4 Qh6 17. Rae1 Ne7 18. Kh2 Nf5 19. Rg1 Rae8 20. Nf3 f6 21. d4 cxd4 22. cxd4 Bh8 23. h4 Ng7 24. Bh3 Nh5 25.
f5 exf5 26. Qxf5 fxe5 27. Qd7 Qf4+ 28. Rg3 Bg7 29. Ng5 Nxg3 30. fxg3 Qf2+ 31. Bg2 Qxe1 32. Bxd5+ Kh8 33. Nf7+ Rxf7 34. Qxe8+ Rf8 0-1

[Event "Late-Titled-Tuesday-Blitz-March-12-2024"]
[Site "Chess.com"]
[Date "2024.03.12"]
[Round "3"]
[White "mac0504"]
[Black "FMYiLiu"]
[Result "1-0"]
[WhiteElo "2705"]
[BlackElo "2520"]
[TimeControl "180+1"]
[EndTime "14:26:26 PDT"]
[Termination "mac0504 won by checkmate"]

1. c4 e6 2. Nc3 d5 3. e3 Nf6 4. b3 Be7 5. Bb2 O-O 6. g4 d4 7. exd4 Qxd4 8. h3 Ne4 9. Qe2 Bh4 10. Qxe4 Bxf2+ 11. Kd1 Bxg1 12. Qg2 Be3 13. Kc2 Bg5 14. h4 Bd8 15. g5 Nc6 16. Re1 e5 17. Nd5 Bf5+ 18.
Kc1 Qc5 19. h5 Qa5 20. a3 Nd4 21. Bxd4 exd4 22. Kb2 c6 23. Nf6+ Kh8 24. Qf2 gxf6 25. b4 Qc7 26. Qxf5 fxg5 27. Bd3 f6 28. Re6 Qf4 29.
Qxh7# 1-0

[Event "Late-Titled-Tuesday-Blitz-March-12-2024"]
[Site "Chess.com"]
[Date "2024.03.12"]
[Round "3"]
[White "CaspiIsrael"]
[Black "RichardShtivelband"]
[Result "1-0"]
[WhiteElo "2688"]
[BlackElo "2490"]
[TimeControl "180+1"]
[EndTime "14:26:26 PDT"]
[Termination "CaspiIsrael won by resignation"]

1. d4 d5 2. c4 c6 3. Nc3 Nf6 4. Nf3 e6 5. g3 Nbd7 6. Bg2 Be7 7.
O-O O-O 8. Qd3 dxc4 9. Qxc4 Nb6 10. Qb3 Nbd5 11. Rd1 a5 12. Ne5 Qc7 13. Bd2 b6 14. Rac1 Qb7 15. Nxc6 Bd6 16. Nxd5 exd5 17. Bxd5 Nxd5 18.
Qxd5 Rd8 19. Bf4 Be6 20. Qf3 Bxf4 21. Qxf4 Re8 22. d5 Bd7 23. e4 Rac8 24. Ne5 Bb5 25.
Rxc8 Rxc8 26. d6 f6 27. Ng4 Rd8 28. Qd2 Qd7 29. Qd5+ Kh8 30. Ne3 Bc6 31. Qd4 Bb7 32.
f3 Qc6 33. Kf2 Rd7 34. h4 h6 35. a3 b5 36. Rd2 a4 37. Nf5 Kh7 38. h5 Qc1 39.
Qe3 b4 40. axb4 Ba6 41. g4 Qf1+ 42. Kg3 Rb7 43. d7 1-0

[Event "Late-Titled-Tuesday-Blitz-March-12-2024"]
[Site "Chess.com"]
[Date "2024.03.12"]
[Round "3"]
[White "remyrushbrooke"]
[Black "ArturoCaceres"]
[Result "0-1"]
[WhiteElo "2257"]
[BlackElo "2447"]
[TimeControl "180+1"]
[EndTime "14:26:26 PDT"]
[Termination "ArturoCaceres won on time"]

1. d4 e5 2. dxe5 d6 3. exd6 Bxd6 4. Nc3 Nf6 5. e4 O-O 6. Nf3 Nc6 7. Bd3 Re8 8. O-O Bg4 9. h3 Bh5 10. Bg5 h6 11. Bxf6 Qxf6 12. g4 Ne5 13. Nxe5 Qxe5 14. f4 Qc5+ 15. Kh1 Bg6 16. e5 Bxd3 17. Qxd3 Bf8 18.
Qd5 Qb4 19. Qb3 Qc5 20. Qd5 Qb6 21. Qb5 Qg6 22. f5 Qg5 23. Qe2 Bd6 24. e6 fxe6 25. fxe6 Qh4 26. Rf3 Re7 27. Nd5 Ree8 28. Raf1 c6 29.
Nc3 Re7 30. Qe4 Rae8 31. Qf5 Rxe6 32. Qf7+ Kh8 33. Nd1 Re1 34. Kg2 R1e2+ 35. Nf2 Rf8 36. Qxf8+ Bxf8 37. Rxf8+ Kh7 38. Rf3 Rxc2 39. Re1 Rxb2 40.
Rd1 Qe7 41. Rfd3 Qe2 0-1

[Event "Late-Titled-Tuesday-Blitz-March-12-2024"]
[Site "Chess.com"]
[Date "2024.03.12"]
[Round "3"]
[White "vugarrasulov"]
[Black "Jagerrmeisterr"]
[Result "1-0"]
[WhiteElo "2940"]
[BlackElo "2718"]
[TimeControl "180+1"]
[EndTime "14:26:27 PDT"]
[Termination "vugarrasulov won by resignation"]

1. d4 Nf6 2. c4 e6 3. Nf3 b6 4. g3 Ba6 5. Qc2 Bb4+ 6. Bd2 Qe7 7. Bg2 Bb7 8. O-O a5 9. Bg5 h6 10. Bxf6 Qxf6 11. c5 a4 12. cxb6 cxb6 13. Qc7 Bc6 14. Qxb6 Ba5 15. Qc5 Na6 16. Qxa5 O-O 17. Qe5 Qe7 18.
Nc3 f6 19. Qe3 d5 20. Rac1 Rfc8 21. Bh3 Nc7 22. Nh4 Qd6 23. Rc2 g5 24. Nf3 Rab8 25.
Rfc1 Bd7 26. Ne1 Na6 27. Nd3 Rc4 28. Ne4 dxe4 29. Rxc4 exd3 30. Qxd3 f5 31. Qd2 Nb4 32. a3 Nd5 33. Bg2 Ne7 34. Rb4 Rd8 35. Qc3 Qa6 36.
e3 Kf7 37. d5 exd5 38. Qd4 Be6 39. Rb6 Qa5 40. Rb7 Rc8 41. Rxc8 Bxc8 42. Qxd5+ Qxd5 43. Bxd5+ Kf6 44. Rb6+ Ke5 45. Bg2 Be6 46. f4+ Kf6 47.
Bc6 Kf7 48. Be8+ 1-0

[Event "Late-Titled-Tuesday-Blitz-March-12-2024"]
[Site "Chess.com"]
[Date "2024.03.12"]
[Round "3"]
[White "TokChess"]
[Black "stollenmonster"]
[Result "0-1"]
[WhiteElo "2599"]
[BlackElo "2866"]
[TimeControl "180+1"]
[EndTime "14:26:27 PDT"]
[Termination "stollenmonster won by resignation"]

1. d4 Nf6 2. Bf4 e6 3. e3 d5 4.
Nf3 Ne4 5. Nbd2 Bd6 6. Bxd6 cxd6 7.
Nxe4 dxe4 8. Nd2 d5 9. c4 O-O 10. Qb3 Nc6 11. Be2 f5 12. cxd5 exd5 13. g3 g5 14. h4 f4 15. hxg5 fxg3 16. fxg3 Kg7 17. O-O-O Rf2 18. Bh5 Bf5 19. Rdf1 Rc8 20. Kd1 Rxf1+ 21.
Rxf1 Be6 22. Rf6 Bg8 23. Qxb7+ Rc7 24. Qa6 Nb4 25. Qd6 Qxd6 26. Rxd6 Nd3 27. Nb3 Nxb2+ 28. Kd2 Nc4+ 29. Ke2 Nxd6 0-1

[Event "Late-Titled-Tuesday-Blitz-March-12-2024"]
[Site "Chess.com"]
[Date "2024.03.12"]
[Round "3"]
[White "jinxy2009"]
[Black "MaiqMaster"]
[Result "1-0"]
[WhiteElo "2215"]
[BlackElo "2412"]
[TimeControl "180+1"]
[EndTime "14:26:28 PDT"]
[Termination "jinxy2009 won by checkmate"]

1. e4 e5 2. Nf3 Nc6 3. Bc4 Bc5 4. O-O Nf6 5. d3 O-O 6. h3 a6 7. a4 Ba7 8. Re1 h6 9. Nbd2 d6 10. c3 Ne7 11. Nf1 Ng6 12. d4 exd4 13. cxd4 d5 14.
exd5 Nxd5 15. Ne3 Ndf4 16. Ng4 Bxg4 17. hxg4 Qd7 18. Bxf4 Nxf4 19. Ne5 Qxd4 20. Qf3 c6 21.
Rad1 Qxb2 22. Qxf4 b5 23. axb5 axb5 24. Bxf7+ Kh7 25.
Qf5+ Kh8 26. Ng6+ Kh7 27. Nxf8+ Kh8 28. Qh7# 1-0

[Event "Late-Titled-Tuesday-Blitz-March-12-2024"]
[Site "Chess.com"]
[Date "2024.03.12"]
[Round "3"]
[White "GilbertoHernandezAmura"]
[Black "wadsy27"]
[Result "1-0"]
[WhiteElo "2461"]
[BlackElo "2611"]
[TimeControl "180+1"]
[EndTime "14:26:29 PDT"]
[Termination "GilbertoHernandezAmura won on time"]

1. e4 c6 2. d3 d5 3. Qe2 Nf6 4.
Nf3 Bg4 5. Nbd2 e6 6. h3 Bxf3 7. Nxf3 a5 8. a4 Na6 9. g3 Nb4 10. c3 dxe4 11. dxe4 Na6 12. Bg2 Nc5 13. Ne5 Qc7 14.
Nc4 Nb3 15. Bf4 Qd8 16. Rd1 Nd7 17. O-O Be7 18. Ne5 Nbc5 19. b4 axb4 20. cxb4 Qc8 21. bxc5 Nxc5 22. Be3 Nxa4 23. Qh5 O-O 24. Rd7 Bf6 25.
Rxf7 Nc3 26. Rxf8+ Qxf8 27. Nd7 Qf7 28. Nxf6+ 1-0

[Event "Late-Titled-Tuesday-Blitz-March-12-2024"]
[Site "Chess.com"]
[Date "2024.03.12"]
[Round "3"]
[White "falzehope0"]
[Black "Felix-Rose"]
[Result "0-1"]
[WhiteElo "2435"]
[BlackElo "2274"]
[TimeControl "180+1"]
[EndTime "14:26:31 PDT"]
[Termination "Felix-Rose won by resignation"]

1. d4 Nf6 2. e3 d5 3. Bd3 g6 4. f4 Bg7 5. Nf3 O-O 6. O-O c5 7. c3 Nc6 8. Nbd2 Bg4 9. Qe1 Bxf3 10. Nxf3 Ne4 11. Bxe4 dxe4 12. Ng5 Qd5 13. b3 cxd4 14. cxd4 h6 15. Nh3 a5 16. Ba3 f5 17. Rc1 Rfc8 18.
Rc5 Qd7 19. Qe2 e6 20. Kh1 Ne7 21. Rfc1 Nd5 22. Nf2 a4 23. b4 Bf8 24. g4 b6 25.
Rxc8 Rxc8 26. Rxc8 Qxc8 27. gxf5 gxf5 28. Kg2 Qc2 29. Qh5 Nxe3+ 30. Kh3 Qxf2 31. Qg6+ Bg7 32. Qxe6+ Kh7 0-1